 Dungeon Crawl Stone Soup version 0.30.0-13-g156ef70053 (webtiles) character file.

Game seed: 16461047363799935020

8 browni3141 the Firebug (level 2, 19/19 HPs)
             Began as a Demonspawn Fire Elementalist on May 17, 2023.
             Got out of the dungeon alive.
             The game lasted 00:00:20 (432 turns).

browni3141 the Firebug (DsFE)                        Turns: 432, Time: 00:00:21

Health: 19/19      AC:  2    Str:  8    XL:     2   Next: 0%
Magic:  4/5        EV: 12    Int: 16    God:
Gold:   25         SH:  4    Dex: 13    Spells: 4/5 levels left

rFire   . . .        o - +1 dagger (speed)
rCold   . . .        (no shield)
rNeg    . . .        a - +0 robe
rPois   .            (no helmet)
rElec   .            (no cloak)
rCorr   .            (no gloves)
SInv    .            (no boots)
Will    .....        (no amulet)
Stlth   ++           (no ring)
HPRegen 0.23/turn    (no ring)
MPRegen 0.09/turn

%: no passive effects
@: no status effects
A: condensation shield
a: no special abilities


You escaped.
You visited 1 branch of the dungeon, and saw 1 of its levels.

You collected 25 gold pieces.

Inventory:

Hand Weapons
 o - a +1 dagger of speed (weapon)
Armour
 a - a +0 robe (worn)
Scrolls
 n - a scroll of silence {unknown}
 p - a scroll of magic mapping {unknown}
 q - a scroll of vulnerability {unknown}
Potions
 m - a potion of magic


   Skills:
 + Level 1.9 Dodging
 + Level 2.0 Stealth
 + Level 2.1 Spellcasting
 + Level 1.2 Conjurations
 + Level 2.8 Fire Magic


You had 4 spell levels left.
You knew the following spells:

 Your Spells              Type           Power      Damage    Failure   Level
z - Foxfire               Conj/Fire      32%        2x1d5     9%          1

Your spell library contained the following spells:

 Spells                   Type           Power      Damage    Failure   Level
 Scorch                   Fire           20%        2d5       10%         2
 Inner Flame              Hex/Fire       6%         N/A       34%         3
 Volatile Blastmotes      Fire/Tloc      12%        2d11      34%         3
 Dazzling Flash           Conj/Hex       6%         N/A       43%         3
 Flame Wave               Conj/Fire      8%         2d5       65%         4
 Iskenderun's Mystic Bla  Conj/Tloc      3%         2d3       85%         4
 Simulacrum               Ice/Necr       0%         N/A       100%        6
 Starburst                Conj/Fire      4%         6d3       100%        6
 Ozocubu's Refrigeration  Ice            0%         4d7       100%        7
 Polar Vortex             Ice            0%         N/A       100%        9


Dungeon Overview and Level Annotations

Branches:
Dungeon (1/15)

Altars:


Innate Abilities, Weirdness & Mutations

A meltable shield of frost defends you. (SH +4)


Message History

A goblin is nearby!
You conjure some foxfire!
You conjure some foxfire!
The foxfire hits the goblin.
The goblin is moderately wounded.
You conjure some foxfire!
Your foxfire dissipates!
You are out of magic!
The foxfire hits the goblin.
The goblin is heavily wounded.
The foxfire hits the goblin.
You kill the goblin!
Your foxfire dissipates!
Your foxfire dissipates!
Things that are here:
a +1 dagger of speed; a goblin corpse Your hands tingle!
o - a +1 dagger of speed (weapon)
A hobgoblin comes into view.
The hobgoblin shouts!
A hobgoblin is nearby!
A hobgoblin is nearby!
A hobgoblin is nearby!
You miscast Foxfire.
You are very lightly contaminated with residual magic.
Nothing appears to happen.
The hobgoblin closely misses you.
You barely miss the hobgoblin. The hobgoblin barely misses you.
You closely miss the hobgoblin. You closely miss the hobgoblin.
The hobgoblin closely misses you.
You closely miss the hobgoblin. The hobgoblin barely misses you.
You closely miss the hobgoblin. You hit the hobgoblin but do no damage.
The hobgoblin misses you.
You hit the hobgoblin.
The hobgoblin is almost dead.
The hobgoblin hits you.
You closely miss the hobgoblin.
The hobgoblin is almost dead.
You hit the hobgoblin.
You kill the hobgoblin!
Your magical contamination has completely faded away.
You see here a hobgoblin corpse.
You see here a +0 sling.
HP restored.
You pick up a book of Ice and begin reading...
You add the spells Simulacrum, Ozocubu's Refrigeration and Polar Vortex to your library.
You now have 25 gold pieces (gained 16).
p - a scroll labelled QIARIZ IWNELE You see here a hobgoblin corpse.
A rat comes into view.
A rat is nearby!
You miscast Foxfire.
You are very lightly contaminated with residual magic.
Nothing appears to happen.
You conjure some foxfire!
The foxfire hits the rat.
You kill the rat!
Your foxfire dissipates!
q - a scroll labelled VOINAU JOWNE Your magical contamination has completely faded away.
You see here a rat corpse.
You open the door.
There is an open door here.
A hobgoblin and a rat come into view.
There are monsters nearby!
There are monsters nearby!
There are monsters nearby!
You conjure some foxfire!
You miscast Foxfire.
You are very lightly contaminated with residual magic.
Nothing appears to happen.
You conjure some foxfire!
The foxfire hits the rat.
The rat is heavily wounded.
You are out of magic!
You are out of magic!
Your foxfire dissipates!
The foxfire hits the hobgoblin.
You kill the hobgoblin!
Your foxfire dissipates!
You are out of magic!
The rat bites you.
Your magical contamination has completely faded away.
You hit the rat but do no damage.
The rat is heavily wounded.
The rat closely misses you. The rat bites you but does no damage.
You see here 5 gold pieces.
You closely miss the rat.
The rat is heavily wounded.
The rat bites you but does no damage. The rat barely misses you.
You hit the rat.
You kill the rat!
Your Stealth skill increases to level 2!
You have reached level 2!
Your demonic ancestry asserts itself...
Frost condenses into a shield before you.
You open the door.
There is an open door here.
There is an open door here.
There is a staircase leading out of the dungeon here.
Are you sure you want to leave the Dungeon?
This will make you lose the game!
You have escaped!

................
.............#
........[...###
.....#........#
.######'#.###.#
.######.#.# #.##
.#........# #..#
##.......♣♣♣♣♣.♣♣♣
##.......♣......@♣
.#.......♣.PPPPP.♣
.#.......♣.P~~~P.♣
........#♣.P~8~P.♣
........#♣.P~~~P.♣
#......##♣.PPPPP.♣
#...#+## ♣.......♣
###÷#.# ♣♣♣♣♣♣♣♣♣
......##########


There were no monsters in sight!

Vanquished Creatures
  A giant cockroach (D:1)
  A goblin (D:1)
  2 hobgoblins (D:1)
  A quokka (D:1)
  2 rats (D:1)
7 creatures vanquished.

Vanquished Creatures (others)
  21 foxfires (D:1)
21 creatures vanquished.

Grand Total: 28 creatures vanquished

Notes
Turn   | Place    | Note
-------+----------+-------------------------------------------
     0 | D:1      | browni3141 the Demonspawn Fire Elementalist began the quest
                  | for the Orb.
     0 | D:1      | Reached XP level 1. HP: 13/13 MP: 3/3
   393 | D:1      | Gained mutation: A meltable shield of frost defends you.
                  | (SH +4) [demonic ancestry]
   393 | D:1      | Reached XP level 2. HP: 18/19 MP: 1/5
   432 | D:$      | Got out of the dungeon alive.

Illustrated notes

Levels and vault maps discovered:
D:1:      tarquinn_simple_flora_water_a, layout_basic

Skill      XL: |  1 |
---------------+----+-----
Stealth        | 2 |  2.0
Dodging        | |  1.9
Spellcasting   | |  2.1
Conjurations   | |  1.2
Fire Magic     | |  2.8

Action                     || total
---------------------------++-------
  Melee: Dagger            ||    12
   Cast: Foxfire           ||    11
 Armour: Robe              ||     2
  Dodge: Dodged            ||     7
